 Dungeon Crawl Stone Soup version 0.29-a0-233-g1125b37a9b (webtiles) character file.

Game seed: 15719777185788498110

23 n8rtot the Ducker (level 2, -1/14 HPs)
             Began as a Felid Berserker on Mar 1, 2022.
             Was a Follower of Trog.
             Slain by a kobold
             ... wielding a +0 club
              (3 damage)
             ... on level 2 of the Dungeon.
             The game lasted 00:02:46 (760 turns).

n8rtot the Ducker (Felid Berserker)                  Turns: 760, Time: 00:02:47

Health: -1/14      AC:  1    Str: 13    XL:     2   Next: 75%
Magic:  3/3        EV: 18    Int:  8    God:    Trog [*.....]
Gold:   6          SH:  0    Dex: 15    Spells: 1/1 levels left
                                        Lives:  0   Deaths: 0

rFire   . . .      SeeInvis +     - Unarmed
rCold   . . .      Faith    .   (shield unavailable)
rNeg    . . .      Spirit   .   (body armour unavailable)
rPois   .          Reflect  .   (helmet unavailable)
rElec   .          Harm     .   (cloak unavailable)
rCorr   .          Rampage  .   (gloves unavailable)
Will    .....                   (boots unavailable)
Stlth   ++........              (no amulet)
HPRegen 0.04/turn               (no ring)
MPRegen 0.08/turn               (no ring)

@: quick
A: very small, claws 1, fangs 3, see invisible, speed 1, shaggy fur 1, stealthy
paws, no weapons or thrown items, no armour, multi-lived
a: Renounce Religion, Berserk


You were on level 2 of the Dungeon.
You worshipped Trog.
Trog was aware of your devotion.
You visited 1 branch of the dungeon, and saw 2 of its levels.

You collected 6 gold pieces.

Inventory:

Missiles
 a - 74 stones
Scrolls
 b - a scroll of immolation {unknown}
 c - 2 scrolls of blinking {unknown}
 d - a scroll of magic mapping {unknown}
 e - 2 scrolls of identify {unknown}
 f - 2 scrolls of fear {unknown}
 g - a scroll of enchant armour {unknown}
 h - a scroll of summoning {unknown}
Potions
 i - a potion of heal wounds {unknown}


   Skills:
 + Level 3.3 Fighting
 + Level 4.4 Dodging
 * Level 1.0 Stealth
 + Level 3.4 Unarmed Combat


You had one spell level left.
You didn't know any spells.
Your spell library was empty.

Dungeon Overview and Level Annotations

Branches:
Dungeon (2/15)

Altars:


Innate Abilities, Weirdness & Mutations

You have sharp claws.
You have razor-sharp teeth.
You have supernaturally acute eyesight. (SInv)
You cover ground quickly. (Speed+)
You are covered in fur. (AC +1)
Your paws help you pounce on unaware monsters.
You are incapable of wielding weapons or throwing items.
You cannot wear armour.
You gain extra lives every three experience levels.


Message History

The jackal completely misses you. The jackal bites you.
You closely miss the jackal.
The jackal is severely wounded.
The jackal bites you. The jackal misses you. The goblin barely misses you.
You barely miss the jackal. The jackal bites you.
You barely miss the jackal. Your bite misses the jackal.
The jackal barely misses you.
You scratch the jackal. You claw the jackal.
You kill the jackal!
Trog accepts your kill. The bat closely misses you.
You scratch the bat.
The bat is heavily wounded.
The bat completely misses you. The bat hits you but does no damage.
You barely miss the bat.
The bat is heavily wounded.
The bat closely misses you. x2
You claw the bat!
You kill the bat!
Trog accepts your kill.
You scratch the jackal.
You kill the jackal!
Trog accepts your kill.
A bat comes into view.
The bat moves out of view.
Your Stealth skill increases to level 1!
You closely miss the kobold. The kobold completely misses you.
You claw the kobold!
You kill the kobold!
Trog accepts your kill.
The kobold throws a stone.
The stone misses you.
You scratch the goblin.
You kill the goblin!
Trog accepts your kill.
You barely miss the kobold. The kobold hits you with a +0 club.
* * * LOW HITPOINT WARNING * * *
You closely miss the kobold. The kobold misses you.
You completely miss the kobold. The kobold completely misses you.
You closely miss the kobold. The kobold hits you with a +0 club.
You die...

#....#...##
###J...Kl.<.g
#......##..##
###l#######....
#.K.# #...#
#########K###
...##
#....$....#
##...
..####K####
#.#.. #@# #.##.
#.# #.# ..# ...
≈... ≈.≈.
...≈..


You could see a kobold.

Vanquished Creatures
  A dart slug (D:1)
  2 ball pythons (D:1)
  An endoplasm (D:1)
  A giant cockroach (D:1)
  3 goblins
  2 hobgoblins (D:1)
  2 jackals (D:2)
  A quokka (D:1)
  3 bats
  A frilled lizard (D:1)
  A kobold (D:2)
18 creatures vanquished.

Notes
Turn   | Place    | Note
-------+----------+-------------------------------------------
     0 | D:1      | n8rtot the Felid Berserker began the quest for the Orb.
     0 | D:1      | Reached XP level 1. HP: 10/10 MP: 2/2
   143 | D:1      | Reached XP level 2. HP: 12/14 MP: 3/3
   754 | D:2      | Reached skill level 1 in Stealth
   760 | D:2      | Slain by a kobold

Illustrated notes

Levels and vault maps discovered:
D:1:      mrwooster_arrival_statue, layout_rooms
D:2:      layout_rooms, basic_ecumenical_altar, chequers_serial_rivers_small_3,
          lexackson_kobold_supper

Skill      XL: |  1  2 |
---------------+-------+-----
Stealth        | 1 |  1.0
Fighting       | |  3.3
Dodging        | |  4.4
Unarmed Combat | |  3.4

Action                   || total
-------------------------++-------
Melee: Unarmed           ||    48
       Punch             ||     2
       Bite              ||     1
 Stab: Sleeping          ||     1
Armor: Skin              ||     2
Dodge: Dodged            ||    46

Table legend: (Time is in decaauts)
 A = Elapsed time spent in this place.
 B = Non-inter-level travel time spent in this place.
 C = Inter-level travel time spent in this place.
 D = Time resting spent in this place.
 E = Time spent auto-exploring this place.
 F = Levels seen in this place.
 G = Mean time per level.
                   A        B        C        D        E       F      G
               +--------+--------+--------+--------+--------+-----+--------+
         Total |    673 |    673 |      0 |    207 |    254 |   2 |  336.5 |
       Dungeon |    673 |    673 |      0 |    207 |    254 |   2 |  336.5 |
               +--------+--------+--------+--------+--------+-----+--------+

Top non-repeatable levels by time:
     D:1: 644 daAuts
     D:2: 28 daAuts
